 Dungeon Crawl Stone Soup version 0.21-a0-634-gaf8bc5d (webtiles) character file.

59 Lanoc the Ruffian (level 3, 0/29 HPs)
             Began as a Draconian Transmuter on Dec 29, 2017.
             Succumbed to an adder's poison
             ... on level 3 of the Dungeon.
             The game lasted 00:05:49 (2502 turns).

Lanoc the Ruffian (Draconian Transmuter)            Turns: 2502, Time: 00:05:50

Health: 0/29       AC:  5    Str: 12    XL:     3   Next: 78%
Magic:  6/6        EV: 12    Int: 14    God:
Gold:   69         SH:  0    Dex: 11    Spells: 0/6 levels left

rFire    . . .     SeeInvis .     - Unarmed
rCold    + . .     Gourm    .   (no shield)
rNeg     . . .     Faith    .   (armour unavailable)
rPois    .         Spirit   .   (helmet restricted)
rElec    .         Reflect  .   (no cloak)
rCorr    .         Harm     .   (no gloves)
MR       .....                  (no boots)
Stlth    +.........             (no amulet)
HPRegen  0.09/turn              j - ring of protection from cold
MPRegen  0.10/turn              (no ring)

@: lethally poisoned (0 -> -6), about to teleport, very slightly contaminated
A: unfitting armour, evolution 1, cold-blooded, AC +5
a: no special abilities


You were on level 3 of the Dungeon.
You were hungry.

You visited 1 branch of the dungeon, and saw 3 of its levels.

You collected 69 gold pieces.

Inventory:

Missiles
 a - 12 arrows
Jewellery
 j - a ring of protection from cold (left hand)
Scrolls
 e - a scroll of amnesia
 f - 3 scrolls of blinking
 g - a scroll of remove curse
Books
 b - a book of Changes

   Spells                             Type                      Level
   a - Beastly Appendage              Transmutation                1
   b - Sticks to Snakes               Transmutation                2
   c - Spider Form                    Transmutation/Poison         3
   d - Ice Form                       Ice/Transmutation            4
   e - Blade Hands                    Transmutation                5
 l - a book of Misfortune

   Spells                             Type                      Level
   a - Confusing Touch                Hexes                        1
   b - Confuse                        Hexes                        3
   c - Gell's Gravitas                Translocation                3
   d - Petrify                        Transmutation/Earth          4
   e - Metabolic Englaciation         Hexes/Ice                    5
   f - Yara's Violent Unravelling     Hexes/Transmutation          5
Comestibles
 c - 4 rations


   Skills:
 + Level 2.0 Fighting
 + Level 2.2 Dodging
 + Level 3.4 Unarmed Combat
 + Level 2.4 Spellcasting
 + Level 2.5 Transmutations


You couldn't memorise any spells.
You knew the following spells:

 Your Spells              Type           Power        Failure   Level  Hunger
a - Beastly Appendage     Tmut           #.....       8%          1    #......
b - Sticks to Snakes      Tmut           #.......     12%         2    ###....
c - Spider Form           Tmut/Pois      #.........   38%         3    ###....


Dungeon Overview and Level Annotations

Branches:
Dungeon (3/15)

Altars:
Ashenzari


Innate Abilities, Weirdness & Mutations

Your plain brown scales are hard. (AC +5)
You cannot fit into any form of body armour.
You are cold-blooded and may be slowed by cold attacks.
You evolve.


Message History

As you read the scroll labeled ADERRUFAGE, it crumbles to dust.
It is a scroll of amnesia.
Okay, then.
* * * LOW HITPOINT WARNING * * *
You feel sick.
Unknown command.
As you read the scroll labeled SAJANA SESIE, it crumbles to dust.
You feel strangely unstable.
It was a scroll of teleportation.
* * * LOW HITPOINT WARNING * * *
You feel sick.
Blink to where?
Press: ? - help, Dir - move target cursor You are very lightly contaminated with residual magic.
As you read the scroll labeled IXYTTA GIZODO, it crumbles to dust.
It was a scroll of blinking.
A hound skeleton comes into view.
Blink to where?
Press: ? - help, Dir - move target cursor
As you read the scroll of blinking, it crumbles to dust.
You die...

#########
#.Z....@#
#P≈≈≈≈..#
#≈≈≈≈≈≈.#
#..≈≈≈..###
#..≈≈≈....#
#.........#
##........#
##.....§..#
..........#


You could see a hound skeleton (dormant).

Vanquished Creatures
  3 adders
  A leopard gecko (D:1)
  3 ball pythons (D:1)
  3 bats (D:1)
  A giant cockroach (D:1)
  3 hobgoblins (D:2)
  2 jackals (D:1)
  5 kobolds
  A ball python zombie (D:3)
  3 frilled lizards
  2 goblins (D:1)
  8 rats
35 creatures vanquished.

Notes
Turn   | Place    | Note
-------+----------+-------------------------------------------
     0 | D:1      | Lanoc the Draconian Transmuter began the quest for the Orb.
     0 | D:1      | Reached XP level 1. HP: 16/16 MP: 3/3
   194 | D:1      | Reached XP level 2. HP: 23/23 MP: 3/5
   470 | D:1      | Learned a level 2 spell: Sticks to Snakes
  1428 | D:2      | Reached XP level 3. HP: 15/29 MP: 4/6
  2182 | D:3      | Found a shattered altar of Ashenzari.
  2190 | D:3      | Learned a level 3 spell: Spider Form
  2494 | D:3      | Gained mutation: You evolve. [potion of mutation]
  2500 | D:3      | HP: 1/29 [poisoned by an adder]
  2502 | D:3      | Succumbed to an adder's poison

Vault maps used:
D:1:      dpeg_arrival_boxes_within_box
D:3:      lemuel_crystal_altar, first_ration, serial_undead, serial_undead_d,
          serial_undead_a, serial_undead_f, serial_undead_b,
          chequers_ecumenical_altar_island, kennysheep_generic_room_16

Skill      XL: |  1  2  3 |
---------------+----------+-----
Dodging        | 2 |  2.2
Fighting       | 2 |  2.0
Unarmed Combat | |  3.4
Spellcasting   | |  2.4
Transmutations | |  2.5

Action                   || total
-------------------------++-------
Melee: Unarmed           ||   123
       Tailslap          ||     8
       Headbutt          ||     4
       Kick              ||    10
 Cast: Beastly Appendage ||    27
  Use: Scroll            ||     5
       Potion            ||     1
 Stab: Sleeping          ||     1
  Eat: Chunk             ||     5
Armor: Skin              ||    46
Dodge: Dodged            ||    84

Table legend:
 A = Spawn XP
 B = Non-spawn XP
 C = Spawn XP percentage of total XP
 D = Spawn monster count
 E = Non-spawn monster count
 F = Spawn count percentage of total count
 G = Total turns spent on level
                    A         B        C        D         E        F      G
               +---------+---------+-------+---------+---------+-------+---------
         Total |       0 |      85 |   0.0 |       0 |      35 |   0.0 |  2502
               +---------+---------+-------+---------+---------+-------+---------
           D:1 |       0 |      32 |   0.0 |       0 |      23 |   0.0 |  1170
           D:2 |       0 |      24 |   0.0 |       0 |       8 |   0.0 |   957
           D:3 |       0 |      29 |   0.0 |       0 |       4 |   0.0 |   375
               +---------+---------+-------+---------+---------+-------+---------
